 Dungeon Crawl Stone Soup version 0.28.0-53-g5a82cb258f (webtiles) character file.

Game seed: 10107575334242384369

189 Sin92 the Chiller (level 5, -9/38 HPs)
             Began as a Demonspawn Ice Elementalist on July 19, 2022.
             Was an Initiate of Okawaru.
             Mangled by an ogre
             ... wielding a +0 giant club
              (10 damage)
             ... on level 5 of the Dungeon.
             The game lasted 00:05:30 (3088 turns).

Sin92 the Chiller (Demonspawn Ice Elementalist)     Turns: 3088, Time: 00:05:31

Health: -9/38      AC:  4    Str: 10    XL:     5   Next: 40%
Magic:  4/8        EV: 12    Int: 17    God:    Okawaru [......]
Gold:   75         SH:  0    Dex: 13    Spells: 2/9 levels left

rFire   . . .      SeeInvis .   g - +5 mace (drain)
rCold   . . .      Faith    .   (no shield)
rNeg    . . .      Spirit   .   a - +0 robe
rPois   .          Reflect  .   (helmet restricted)
rElec   .          Harm     .   (no cloak)
rCorr   .          Rampage  .   h - +1 pair of gloves
Will    .....                   (no boots)
Stlth   ++........              (no amulet)
HPRegen 0.12/turn               j - ring of flight
MPRegen 0.11/turn               (no ring)

@: flying
A: antennae 1
a: Renounce Religion


You were on level 5 of the Dungeon.
You worshipped Okawaru.
Okawaru was noncommittal.
You visited 1 branch of the dungeon, and saw 5 of its levels.

You collected 75 gold pieces.

Inventory:

Hand Weapons
 c - a +0 whip
 g - a +5 mace of draining (weapon)
Armour
 a - a +0 robe (worn)
 h - a +1 pair of gloves (worn)
Jewellery
 j - a ring of flight (left hand)
Scrolls
 b - 2 scrolls of teleportation
 i - 3 scrolls of identify
Potions
 d - 2 potions of degeneration
 e - a potion of lignification
 k - a potion of flight


   Skills:
 + Level 1.6 Fighting
 * Level 2.4 Maces & Flails
 + Level 2.4 Dodging
 + Level 2.6 Stealth
 + Level 2.6 Spellcasting
 + Level 4.0 Ice Magic


You had 2 spell levels left.
You knew the following spells:

 Your Spells              Type           Power      Damage    Failure   Level
a - Freeze                Ice            64%        1d8       3%          1
b - Frozen Ramparts       Ice            32%        1d5       11%         3
c - Ozocubu's Armour      Ice            16%        N/A       11%         3

Your spell library contained the following spells:

 Spells                   Type           Power      Damage    Failure   Level
 Hailstorm                Conj/Ice       9%         3d4       61%         4


Dungeon Overview and Level Annotations

Branches:
Dungeon (6/15)
 Temple: D:4-7

Altars:
Okawaru

Shops:
D:2 *

Annotations:
D:5 Blork the orc, Grinder, Pikel


Innate Abilities, Weirdness & Mutations

You have a pair of small antennae on your head.


Message History

* * * LOW HITPOINT WARNING * * *
The wall freezes Pikel.
Pikel drinks a potion.
Pikel flickers and vanishes!
Deactivating autopickup; reactivate with Ctrl-A.
The wall freezes the lemure.
You kill the lemure!
That felt strangely unrewarding.
Your frozen ramparts will break if you move.
Continue?
Okay, then.
As you read the scroll of teleportation, it crumbles to dust.
You feel strangely unstable.
The wall freezes the lemure.
You kill the lemure!
That felt strangely unrewarding.
The wall freezes something.
Something hits you.
* * * LOW HITPOINT WARNING * * *
Something burns you.
* * * LOW HITPOINT WARNING * * *
Your frozen ramparts will break if you move.
Continue?
Okay, then.
Okay, then.
Okay, then.
As you read the scroll labelled KYHULE PEACS, it crumbles to dust.
Your body is wracked with pain!
* * * LOW HITPOINT WARNING * * *
Something is bathed in an unholy light!
The jackal convulses!
It was a scroll of torment.
The wall freezes something.
Something hits you.
* * * LOW HITPOINT WARNING * * *
Something burns you.
* * * LOW HITPOINT WARNING * * *
Your frozen ramparts will break if you move.
Continue?
The frozen ramparts melt away as you move.
Your surroundings suddenly seem different.
An ogre and an orc come into view.
You hear a zap.
You hear a grinding noise.
Unknown command.
Okay, then.
The helpless ogre fails to defend itself.
You hit the ogre.
The ogre is moderately wounded.
The ogre hits you with a +0 giant club!
You die...

######
#####..O.###
#...^..@...#
...........^#
............o#
..............##
...^.....^.....#
.......^.^.....#
.....^^^^..^...#
#^......^^..^.^#
#...^........#


You could see an ogre and an orc (asleep).

Vanquished Creatures
  3 lemures (D:5)
  A hound (D:6)
  Jessica (D:2)
  A bullfrog skeleton (D:6)
  An iguana (D:5)
  3 adders (D:2)
  2 dart slugs (D:1)
  8 bats
  9 endoplasms
  3 giant cockroaches
  3 goblins
  5 hobgoblins
  2 jackals (D:6)
  3 kobolds
  3 quokkas
  A ball python (D:3)
  A frilled lizard (D:1)
  4 rats
54 creatures vanquished.

Notes
Turn   | Place    | Note
-------+----------+-------------------------------------------
     0 | D:1      | Sin92 the Demonspawn Ice Elementalist began the quest for
                  | the Orb.
     0 | D:1      | Reached XP level 1. HP: 13/13 MP: 3/3
   235 | D:1      | Gained mutation: You have a pair of small antennae on your
                  | head. [demonic ancestry]
   235 | D:1      | Reached XP level 2. HP: 18/19 MP: 1/5
   523 | D:1      | Reached skill level 1 in Maces & Flails
  1423 | D:2      | Found a faded altar of an unknown god.
  1630 | D:2      | Found Yhogeusunaq's Assorted Antiques.
  1635 | D:2      | Reached XP level 3. HP: 25/25 MP: 6/6
  2016 | D:2      | Reached skill level 1 in Fighting
  2073 | D:2      | Noticed Jessica
  2078 | D:2      | Reached XP level 4. HP: 30/32 MP: 7/7
  2088 | D:2      | Killed Jessica
  2677 | D:3      | You are sucked into a shaft and drop 2 floors!
  2677 | D:5      | Entered Level 5 of the Dungeon
  2679 | D:5      | Noticed Grinder
  2680 | D:5      | Noticed Blork the orc
  2697 | D:5      | Reached skill level 4 in Ice Magic
  2955 | D:6      | Found an iron altar of Okawaru.
  2967 | D:6      | Reached XP level 5. HP: 32/37 MP: 8/8
  2980 | D:6      | Became a worshipper of Warmaster Okawaru
  3035 | D:5      | Noticed a lemure
  3059 | D:5      | Learned a level 3 spell: Frozen Ramparts
  3063 | D:5      | Learned a level 3 spell: Ozocubu's Armour
  3070 | D:5      | Noticed a lemure
  3070 | D:5      | Noticed a lemure
  3070 | D:5      | Noticed a lemure
  3070 | D:5      | Noticed Pikel
  3079 | D:5      | Killed a lemure
  3084 | D:5      | Killed a lemure
  3085 | D:5      | Killed a lemure
  3086 | D:5      | HP: 1/38 [something (1)]
  3087 | D:5      | Noticed an ogre
  3088 | D:5      | Mangled by an ogre

Illustrated notes

Levels and vault maps discovered:
D:1:      amcnicky_arrival_underground_garden, layout_basic, minmay_pentomino_z2
D:2:      layout_loops_ring, serial_shops, shop,
          hellmonk_ecumenical_altar_blasted, kennysheep_big_empty_room,
          chequers_hall_statues_corner_a, minmay_misc_feat_iff, uniq_jessica
D:3:      layout_loops_ring, mainiacjoe_overflow_surrounded_room,
          overflow_temple_1_default, minivault_11, uniq_sigmund
D:5:      layout_rooms, grunt_decor_cap, nicolae_take_the_stairs, minmay_holes,
          uniq_blork_the_orc, uniq_grinder, uniq_pikel
D:6:      layout_loops_ring, kennysheep_little_box, okawaru_ov_weapons_minmay,
          gammafunk_ghost_smash, kennysheep_crisscross,
          hangedman_decor_slide_cut, kennysheep_cross_room

Skill      XL: |  1  2  3  4 |
---------------+-------------+-----
Maces & Flails | 1 2 |  2.4
Stealth        | 2 |  2.6
Dodging        | 2 |  2.4
Fighting       | 1 |  1.6
Ice Magic      | 4 |  4.0
Spellcasting   | |  2.6

Action                   |  1- 3 |  4- 6 || total
-------------------------+-------+-------++-------
Melee: Whip              |    16 |       ||    16
       Mace              |    68 |    50 ||   118
       Punch             |       |     1 ||     1
 Cast: Freeze            |     5 |     4 ||     9
       Frozen Ramparts   |       |     2 ||     2
  Use: Scroll            |       |    12 ||    12
 Stab: Sleeping          |     5 |     1 ||     6
       Distracted        |     1 |       ||     1
Armor: Robe              |    23 |    24 ||    47
Dodge: Dodged            |    56 |    60 ||   116
